 Dungeon Crawl Stone Soup version 0.22.1-1-ga44c0e56f4 (webtiles) character file.

55335 Morbidden the Brawler (level 14, -4/110 HPs)
             Began as a Green Draconian Transmuter on Oct 25, 2018.
             Was a High Priest of Cheibriados.
             Slain by a red devil
             ... wielding a +0 trident
              (23 damage)
             ... on level 6 of the Lair of Beasts.
             The game lasted 01:42:15 (21180 turns).

Morbidden the Brawler (Green Draconian Transmuter) Turns: 21180, Time: 01:42:16

Health: -4/110     AC: 11    Str: 29    XL:     14   Next: 37%
Magic:  23/24      EV: 19    Int: 26    God:    Cheibriados [*****.]
Gold:   1468       SH:  0    Dex: 24    Spells: 19/27 levels left

rFire    + . .     SeeInvis .     - Unarmed
rCold    + + +     Gourm    .   (no shield)
rNeg     . . .     Faith    .   (armour unavailable)
rPois    +         Spirit   .   (helmet restricted)
rElec    .         Reflect  .   e - +2 cloak
rCorr    .         Harm     .   (no gloves)
MR       +....                  (no boots)
Stlth    +++.......             O - amulet of Dithmenos's Reproof {Fragile +Inv Regen+ Int+5}
HPRegen  0.68/turn              P - ring of Brilliance {rPois rC+++ Int-5 Dex-3 Stlth+}
MPRegen  0.19/turn              I - ring of protection from fire

@: short of breath, very slow
A: breathe noxious fumes, unfitting armour, stinger 1, poison resistance,
cold-blooded, AC +8
a: Breathe Noxious Fumes, Bend Time, Temporal Distortion, Slouch, Step From
Time, Renounce Religion, Evoke Invisibility


You were on level 6 of the Lair of Beasts.
You worshipped Cheibriados.
Cheibriados was extremely pleased with you.
You were not hungry.

You visited 4 branches of the dungeon, and saw 21 of its levels.
You also visited: Labyrinth, Ossuary, Ice Cave and Volcano.

You collected 1638 gold pieces.
You spent 170 gold pieces at shops.

Inventory:

Missiles
 a - 35 arrows
 t - 2 throwing nets
 A - 2 poisoned javelins (quivered)
 L - 22 javelins
Armour
 e - a +2 cloak (worn)
Jewellery
 v - an uncursed ring of protection from magic
 B - an uncursed amulet of regeneration
 I - a ring of protection from fire (right hand)
 O - the amulet of Dithmenos's Reproof (around neck) {Fragile +Inv Regen+ Int+5}
   (You found it in a labyrinth)

   [amulet of regeneration]

   It affects your intelligence (+5).
   It lets you turn invisible.
   It increases your rate of regeneration.
   It will be destroyed if unequipped.
 P - the ring of Brilliance (left hand) {rPois rC+++ Int-5 Dex-3 Stlth+}
   (You found it in a labyrinth)

   [ring of stealth]

   It affects your intelligence (-5).
   It affects your dexterity (-3).
   It renders you almost immune to cold.
   It protects you from poison.
   It makes you more stealthy.
 T - an uncursed ring of see invisible
Wands
 j - a wand of clouds (3)
 l - a wand of flame (90)
 m - a wand of paralysis (11)
 x - a wand of polymorph (16)
 C - a wand of digging (28)
 N - a wand of enslavement (17)
Scrolls
 d - 3 scrolls of enchant armour
 f - 12 scrolls of remove curse
 g - 5 scrolls of enchant weapon
 k - 3 scrolls of immolation
 u - 5 scrolls of teleportation
 y - 4 scrolls of brand weapon
 D - 2 scrolls of amnesia
 E - a scroll of silence {unknown}
 G - 2 scrolls of torment
 H - 2 scrolls of vulnerability {unknown}
 R - 2 scrolls of fog
Potions
 b - 3 potions of mutation
 h - 3 potions of cancellation
 i - 2 potions of might
 n - 2 potions of invisibility
 p - a potion of brilliance
 q - 2 potions of resistance
 s - 5 potions of curing
 z - a potion of magic {unknown}
 F - 2 potions of flight
 J - a potion of agility
Miscellaneous
 M - a lamp of fire
 Q - a phantom mirror
Comestibles
 c - 26 rations


   Skills:
 + Level 6.2 Fighting
 + Level 7.6 Dodging
 + Level 0.9 Stealth
 * Level 18.0 Unarmed Combat
 + Level 7.1 Spellcasting
 + Level 10.6 Transmutations
 * Level 6.2 Invocations


You had 19 spell levels left.
You knew the following spells:

 Your Spells              Type           Power        Failure   Level  Hunger
a - Beastly Appendage     Tmut           ######       1%          1    None
b - Sticks to Snakes      Tmut           ######..     1%          2    None
c - Blade Hands           Tmut           ######....   2%          5    #####..

Your spell library contained the following spells:

 Spells                   Type           Power        Failure   Level  Hunger
 Passwall                 Tmut/Erth      #####...     1%          2    None
 Spider Form              Tmut/Pois      #####.....   1%          3    None
 Animate Skeleton         Necr           N/A          6%          1    None
 Apportation              Tloc           #.....       6%          1    None
 Confusing Touch          Hex            #.....       6%          1    None
 Corona                   Hex            #......      6%          1    None
 Sandblast                Erth           #.....       6%          1    None
 Summon Small Mammal      Summ           #...         6%          1    None
 Ice Form                 Ice/Tmut       #####...     7%          4    ###....
 Petrify                  Tmut/Erth      #####...     7%          4    ###....
 Slow                     Hex            #.......     10%         2    None
 Inner Flame              Hex/Fire       #.......     19%         3    None
 Portal Projectile        Hex/Tloc       #.....       19%         3    None
 Stone Arrow              Conj/Erth      #.....       19%         3    None
 Cause Fear               Hex            #.........   52%         4    ###....
 Leda's Liquefaction      Hex/Erth       #.........   52%         4    ###....
 Lee's Rapid Deconstruct  Erth           #.........   86%         5    #####..


Dungeon Overview and Level Annotations

Branches:
Dungeon (13/15)            Temple (1/1) D:5            Lair (6/6) D:9
  Swamp (0/4) Lair:4       Spider (0/4) Lair:2        Slime (0/5) Lair:6
    Orc (1/2) D:10
 Vaults: D:13-14

Altars:
Ashenzari
Cheibriados
Dithmenos
Elyvilon
Fedhas
Gozag
Hepliaklqana
Kikubaaqudgha
Makhleb
Nemelex Xobeh
Okawaru
Qazlal
Ru
Sif Muna
Trog
Uskayaw
Vehumet
Wu Jian
Xom
Yredelemnul
Zin
The Shining One
Jiyva

Shops:
D:9 ?

Annotations:
D:3 1 runed door
D:6 1 runed door
Lair:4 exclusion: oklob plant


Innate Abilities, Weirdness & Mutations

You can breathe blasts of noxious fumes.
Your lurid green scales are hard. (AC +8)
You cannot fit into any form of body armour.
Your tail ends in a poisonous barb.
Your system is resistant to poisons. (rPois)
You are cold-blooded and may be slowed by cold attacks.


Message History

The red devil hits you but does no damage.
Unknown command.
Evoke which item? (* to show all) (? for menu, Esc to quit)
Aiming: Cloud Cone
Press: ? - help, Dir - move target cursor, f/p - red devil
Aim: a red devil, wielding a trident You create a blast of noxious fumes!
The red devil hits you but does no damage.
Unknown command.
Unknown command.
The red devil hops backward while attacking.
The red devil hits you from afar with a trident.
* * * LOW HITPOINT WARNING * * *
The red devil hits you from afar with a trident!
* * * LOW HITPOINT WARNING * * *
Unknown command.
Unknown command.
You feel better.
The red devil hits you from afar with a trident!!
You die...

♣♣♣..♣♣..♣♣♣ ♣ ♣♣...♣♣♣♣♣..♣♣♣
♣♣♣♣ ♣♣♣♣...♣♣ ♣♣♣..♣♣
...♣♣♣[...♣♣♣ ♣♣.†♣♣♣
♣.......♣♣♣ ♣.....♣ ♣♣.♣♣P♣♣♣
######''#######**
♣♣♣♣♣+#########.............#≈≈
*#........#...8....8....#≈≈
#..8.8§§4§@............#≈≈
#...#.8§§###############≈≈
#..#.8§).#.......,≈≈≈≈≈≈≈≈
#...8.#..#4......,,,≈≈≈≈≈≈
#..8.#..†'.3.._..,,,∩≈≈≈≈≈
#...8.8..#..4.3.§,,≈≈≈≈≈≈≈
#........#.....≈§≈≈≈≈≈≈≈≈≈
#############≈≈§≈≈≈≈≈≈≈≈≈≈
*≈≈≈≈≈≈≈≈§≈≈≈≈≈≈≈≈≈≈


You could see a red devil.

Vanquished Creatures
  A minotaur (Lab)
  Fannar (Lair:2)
  An ogre mage (Orc:1)
  The ghost of Cykl0x the Cleaver, a journeyman GrFi of Okawaru (D:11)
  2 hydras
  2 catoblepae (Lair:5)
  A two-headed ogre (D:11)
  A dancing weapon (Volcano)
  Urug (Lair:2)
  A sun demon (Lair:6)
  The ghost of Morbidden the Thrower, a novice DsHu of Okawaru (D:6)
  6 wizards
  An orc knight (Orc:1)
  An orc sorcerer (Orc:1)
  2 manticores
  5 toenail golems (Volcano)
  5 black mambas
  3 elephants (Lair:4)
  An orange demon (Lair:6)
  2 ice statues (IceCv)
  A smoke demon (Lair:6)
  A gargoyle (D:11)
  10 spiny frogs
  6 rime drakes
  12 komodo dragons
  2 kobold demonologists (D:12)
  15 ice devils
  3 polar bears
  A jumping spider (shapeshifter) (D:13)
  6 trolls
  17 blink frogs
  9 hippogriffs
  2 dream sheep (D:8)
  3 fire elementals (D:12)
  6 fire bats
  A human (D:9)
  A wyvern (D:9)
  23 yaks
  A steam dragon (D:10)
  4 basilisks
  Menkaure (D:7)
  A warg (Orc:1)
  11 water moccasins
  8 hell hounds
  5 porcupines
  An ice beast (D:7)
  An eye of draining (D:10)
  12 orc warriors
  3 phantoms
  12 ogres
  A black bear (D:9)
  7 wolves
  12 crocodiles
  2 centaurs
  Blork the orc (D:6)
  12 big kobolds
  9 bullfrogs
  An elf zombie (Ossuary)
  2 wyvern zombies
  A water moccasin zombie (D:11)
  3 scorpions
  2 electric eels
  10 wights
  A howler monkey (D:5)
  A crimson imp (D:9)
  4 centaur zombies
  7 jellies
  12 orc priests
  17 orc wizards
  A human zombie (Ossuary)
  4 bullfrog skeletons
  3 hounds
  Jessica (D:3)
  8 iguanas
  7 worker ants
  A killer bee zombie (D:9)
  A big kobold zombie (Ossuary)
  A hound zombie (D:5)
  A hound skeleton (D:6)
  3 mummies
  Robin (D:4)
  A worker ant zombie (D:8)
  14 adders
  9 gnolls
  A howler monkey skeleton (D:4)
  5 shadow imps
  8 white imps (IceCv)
  4 ufetubi (IceCv)
  3 oozes
  4 adder skeletons
  An adder zombie (Ossuary)
  2 worms
  A dart slug (D:4)
  3 leopard geckos
  48 orcs
  A ball python (D:2)
  2 giant cockroaches
  14 goblins
  8 hobgoblins
  5 jackals
  4 quokkas
  7 bats
  6 frilled lizards
  A goblin zombie (Ossuary)
  10 hobgoblin zombies
  2 jackal zombies (Ossuary)
  21 kobolds
  14 kobold zombies
  5 orc zombies (Ossuary)
  8 rats
  A rat zombie (Ossuary)
  A bush (Lair:3)
  5 fungi
  A plant (D:8)
575 creatures vanquished.

Vanquished Creatures (collateral kills)
  A hydra (Lair:6)
  A catoblepas (Lair:1)
  A kobold demonologist (D:6)
  A blink frog (Lair:2)
  2 humans (D:9)
  A hungry ghost (D:10)
  A black bear (D:9)
  2 worker ants
  An iguana (D:9)
11 creatures vanquished.

Vanquished Creatures (others)
  A reaper (IceCv)
  A wizard (D:11)
  3 white imps (IceCv)
  3 ufetubi (IceCv)
  6 fungi
  3 plants
17 creatures vanquished.

Grand Total: 603 creatures vanquished

Notes
Turn   | Place    | Note
-------+----------+-------------------------------------------
     0 | D:1      | Morbidden the Draconian Transmuter began the quest for the
                  | Orb.
     0 | D:1      | Reached XP level 1. HP: 16/16 MP: 3/3
   354 | D:1      | Reached XP level 2. HP: 23/23 MP: 5/5
   754 | D:2      | Reached skill level 4 in Unarmed Combat
   960 | D:2      | Reached XP level 3. HP: 27/28 MP: 6/6
  1078 | D:2      | Learned a level 2 spell: Sticks to Snakes
  1728 | D:3      | Reached XP level 4. HP: 24/35 MP: 7/7
  2390 | D:3      | Noticed Jessica
  2397 | D:3      | Killed Jessica
  2397 | D:3      | Reached skill level 5 in Unarmed Combat
  2422 | D:3      | Found a runed door.
  2740 | D:3      | Found a sparkling altar of Nemelex Xobeh.
  2741 | D:3      | Found a glowing golden altar of the Shining One.
  2742 | D:3      | Found an opulent altar of Gozag.
  2942 | D:4      | Noticed a phantom
  2956 | D:4      | Found a sand-covered staircase.
  2966 | D:4      | Reached XP level 5. HP: 17/40 MP: 8/8
  2990 | Ossuary  | Entered an ossuary
  3422 | Ossuary  | Reached XP level 6. HP: 36/47 MP: 9/9
  3430 | Ossuary  | Reached skill level 6 in Unarmed Combat
  3716 | D:4      | Your scales start taking on a lurid green colour.
  3716 | D:4      | Reached XP level 7. HP: 48/53 MP: 10/10
  3716 | D:4      | Gained mutation: Your system is resistant to poisons.
                  | (rPois) [Green Draconian growth]
  4086 | D:4      | Reached skill level 7 in Unarmed Combat
  4195 | D:4      | Noticed Robin
  4246 | D:4      | Killed Robin
  4461 | D:4      | Found a stormy altar of Qazlal.
  4471 | D:4      | Found a blossoming altar of Fedhas.
  4807 | D:5      | Entered Level 5 of the Dungeon
  4808 | D:5      | Found an opulent altar of Gozag.
  4841 | D:5      | Found a staircase to the Ecumenical Temple.
  4850 | D:5      | Reached skill level 8 in Unarmed Combat
  4982 | Temple   | Entered the Ecumenical Temple
  5127 | D:5      | Reached XP level 8. HP: 56/61 MP: 11/11
  5216 | D:5      | Reached skill level 9 in Unarmed Combat
  5623 | D:5      | Found an opulent altar of Gozag.
  5726 | D:6      | Noticed an angel
  5727 | D:6      | Found a glowing golden altar of the Shining One.
  5729 | D:6      | Found a runed door.
  5928 | D:6      | Found a runed gate.
  5928 | D:6      | Found a runed gate.
  5930 | D:6      | Noticed Blork the orc
  5949 | D:6      | Killed Blork the orc
  6076 | D:6      | Reached skill level 10 in Unarmed Combat
  6234 | D:6      | Found a runed gate.
  6234 | D:6      | Noticed Morbidden's ghost (novice DsHu)
  6234 | D:6      | Noticed a kobold demonologist
  6662 | D:7      | Noticed Menkaure
  6673 | D:7      | Killed Menkaure
  6708 | D:7      | Found a radiant altar of Vehumet.
  6708 | D:7      | Found a white marble altar of Elyvilon.
  6730 | D:7      | Reached XP level 9. HP: 41/68 MP: 13/13
  7937 | D:8      | Identified the +3 war axe "Kiummeek" {antimagic, rF+ Dex+2}
                  | (You found it on level 8 of the Dungeon)
  8121 | D:8      | Reached skill level 5 in Transmutations
  8343 | D:8      | Reached skill level 11 in Unarmed Combat
  8564 | D:8      | Noticed a three-headed hydra
  8594 | D:8      | Killed a three-headed hydra
  8594 | D:8      | Reached skill level 5 in Dodging
  8594 | D:8      | Reached skill level 12 in Unarmed Combat
  8594 | D:8      | Reached XP level 10. HP: 45/77 MP: 15/15
  9277 | D:9      | Found Kacu's Magic Scroll Shoppe.
  9302 | D:9      | Bought a scroll of identify for 34 gold pieces
  9302 | D:9      | Bought a scroll of identify for 34 gold pieces
  9302 | D:9      | Bought a scroll of identify for 34 gold pieces
  9302 | D:9      | Bought a scroll of identify for 34 gold pieces
  9302 | D:9      | Bought a scroll of identify for 34 gold pieces
  9712 | D:9      | Found a staircase to the Lair.
  9792 | D:10     | Entered Level 10 of the Dungeon
  9819 | Lair:1   | Entered Level 1 of the Lair of Beasts
  9887 | Lair:1   | Reached skill level 13 in Unarmed Combat
 10030 | Lair:1   | Found a dark tunnel.
 10036 | Lair:1   | Reached XP level 11. HP: 47/82 MP: 17/17
 10091 | Volcano  | Entered a volcano
 10099 | Volcano  | Noticed a wizard
 10153 | Volcano  | Killed a wizard
 10195 | Volcano  | Noticed a wizard
 10200 | Volcano  | Killed a wizard
 10217 | Volcano  | Noticed a wizard
 10225 | Volcano  | Killed a wizard
 10292 | Volcano  | Noticed a wizard
 10292 | Volcano  | Noticed a wizard
 10306 | Volcano  | Killed a wizard
 10306 | Volcano  | Reached skill level 14 in Unarmed Combat
 10330 | Volcano  | Killed a wizard
 10439 | Volcano  | Noticed a mace of flaming
 10444 | Volcano  | Killed a mace of flaming
 10721 | Lair:1   | Reached skill level 5 in Spellcasting
 11337 | D:10     | Reached skill level 15 in Unarmed Combat
 11466 | D:10     | Reached XP level 12. HP: 91/91 MP: 19/19
 11495 | D:10     | Found a staircase to the Orcish Mines.
 11896 | D:11     | Found a runed door.
 11896 | D:11     | Noticed Cykl0x's ghost (journeyman GrFi)
 11949 | D:11     | Killed Cykl0x's ghost
 11965 | D:11     | Got an ancient emerald amulet
 11970 | D:11     | Identified the amulet "Quoxamm" {Harm *Drain rC+ MR+} (You
                  | found it on level 11 of the Dungeon)
 12056 | D:11     | Found a bloodstained altar of Trog.
 12149 | D:11     | Noticed a two-headed ogre
 12164 | D:11     | Killed a two-headed ogre
 12380 | D:11     | HP: 3/91 [gargoyle/stone arrow (23)]
 13049 | D:12     | Noticed Azrael
 13557 | D:6      | Killed Morbidden's ghost
 13877 | D:3      | Found a hazy altar of Hepliaklqana.
 13877 | D:3      | Found a snail-covered altar of Cheibriados.
 13889 | D:3      | Became a worshipper of Cheibriados the Contemplative
 14054 | Orc:1    | Entered Level 1 of the Orcish Mines
 14069 | Orc:1    | Reached skill level 5 in Fighting
 14099 | D:10     | Reached skill level 1 in Invocations
 14500 | Orc:1    | Reached skill level 16 in Unarmed Combat
 14695 | Orc:1    | Noticed an ogre mage
 14698 | Orc:1    | Reached * piety under Cheibriados
 14712 | Orc:1    | Killed an ogre mage
 15642 | Lair:2   | Noticed Urug
 15731 | Lair:2   | Noticed a catoblepas
 15738 | Lair:1   | Killed a catoblepas
 15916 | Lair:2   | Learned a level 5 spell: Blade Hands
 15925 | Lair:2   | Found a hole to the Spider Nest.
 16027 | Lair:2   | Killed Urug
 16030 | Lair:2   | Reached XP level 13. HP: 49/101 MP: 14/21
 16032 | Lair:2   | Reached ** piety under Cheibriados
 16202 | Lair:2   | Noticed Fannar
 16547 | Lair:3   | Found a labyrinth entrance.
 16564 | Lab      | Entered a labyrinth
 17033 | Lab      | Noticed a minotaur
 17041 | Lab      | Killed a minotaur
 17048 | Lab      | Got a scintillating zirconium amulet
 17048 | Lab      | Got a scorched wooden ring
 17054 | Lab      | Identified the amulet of Dithmenos's Reproof {Fragile +Inv
                  | Regen+ Int+5} (You found it in a labyrinth)
 17056 | Lab      | Identified the ring of Brilliance {rPois rC+++ Int-5 Dex-3
                  | Stlth+} (You found it in a labyrinth)
 17707 | Lair:2   | Killed Fannar
 17801 | Lair:4   | Found a staircase to the Swamp.
 17884 | Lair:4   | Noticed Sonja
 17885 | Lair:4   | Noticed Sonja
 17885 | Lair:4   | Sonja changed into Sonja the rime drake
 17890 | Lair:4   | Killed Sonja the rime drake
 17985 | Lair:4   | Reached *** piety under Cheibriados
 18148 | Lair:4   | Reached skill level 10 in Transmutations
 18161 | Lair:4   | Found an ancient bone altar of Kikubaaqudgha.
 18561 | Lair:5   | Reached skill level 17 in Unarmed Combat
 18937 | Lair:5   | Reached **** piety under Cheibriados
 18970 | Lair:5   | Reached skill level 5 in Invocations
 19434 | Lair:6   | Entered Level 6 of the Lair of Beasts
 19515 | Lair:6   | Found a frozen archway.
 19532 | IceCv    | Entered an ice cave
 19616 | IceCv    | Killed a reaper
 19621 | IceCv    | Gained mutation: Your tail ends in a poisonous barb. [Green
                  | Draconian growth]
 19621 | IceCv    | Reached XP level 14. HP: 100/110 MP: 19/24
 19932 | IceCv    | Reached ***** piety under Cheibriados
 20014 | IceCv    | Identified the +6 demon whip of Rikec {elec, MR++ Dex+4}
                  | (You found it in an ice cave)
 20188 | Lair:6   | Found a runed door.
 20194 | Lair:6   | Found a viscous altar of Jiyva.
 20196 | Lair:6   | Found a staircase to the Slime Pits.
 21139 | Lair:6   | Found a burning altar of Makhleb.
 21145 | Lair:6   | Reached skill level 18 in Unarmed Combat
 21180 | Lair:6   | Slain by a red devil

Skill      XL: |  1  2  3  4  5  6  7  8  9 10 11 12 13 14 |
---------------+-------------------------------------------+-----
Unarmed Combat | 4 5 6 8 10 12 13 15 16 17 18 | 18.0
Dodging        | 2 3 4 5 6 7 |  7.6
Transmutations | 3 4 5 7 8 9 10 | 10.6
Fighting       | 2 3 5 6 |  6.2
Spellcasting   | 3 4 5 6 7 |  7.1
Invocations    | 2 5 6 |  6.2
Stealth        | |  0.9

Action                   |  1- 3 |  4- 6 |  7- 9 | 10-12 | 13-15 || total
-------------------------+-------+-------+-------+-------+-------++-------
Melee: Unarmed           |    95 |   228 |   450 |   842 |   372 ||  1987
       Tailslap          |     7 |    23 |    60 |   133 |    89 ||   312
       Kick              |     1 |     7 |       |       |       ||     8
       Punch             |       |     4 |    16 |    61 |    48 ||   129
       Staff             |       |       |     5 |       |       ||     5
       Headbutt          |       |       |       |     4 |       ||     4
Throw: Javelin           |    29 |    13 |    27 |    21 |       ||    90
       Stone             |       |       |     2 |     4 |       ||     6
 Cast: Beastly Appendage |     1 |     3 |       |     1 |       ||     5
       Sticks to Snakes  |       |       |    16 |    55 |     1 ||    72
       Blade Hands       |       |       |       |     2 |    45 ||    47
 Abil: Breathe Noxious F |       |       |    46 |    64 |    10 ||   120
Evoke: Wand              |       |     2 |       |    12 |     4 ||    18
       Lamp of fire      |       |       |       |       |     1 ||     1
  Use: Scroll            |     2 |     7 |    10 |    18 |     7 ||    44
       Potion            |       |     5 |     4 |     6 |     3 ||    18
 Stab: Confused          |       |       |     5 |    36 |     6 ||    47
       Invisible         |       |       |     2 |     5 |       ||     7
       Distracted        |       |       |     1 |     2 |     1 ||     4
       Sleeping          |       |       |       |       |     4 ||     4
  Eat: Chunk             |     2 |     5 |    18 |    28 |     5 ||    58
       Ration            |       |     1 |     2 |     3 |     6 ||    12
Armor: Skin              |    45 |   167 |    84 |   170 |    74 ||   540
Dodge: Dodged            |    84 |   179 |   218 |   434 |   259 ||  1174
